 Dungeon Crawl Stone Soup version 0.29.1-12-g30fa7ad0bf (webtiles) character file.

Game seed: 3368079271144438642

130 nachturnus the Slasher (level 5, -4/38 HPs)
             Began as a Human Gladiator on Jan 7, 2023.
             Constricted to death by Natasha (5 damage)
             ... on level 2 of the Dungeon.
             The game lasted 00:03:48 (2156 turns).

nachturnus the Slasher (Human Gladiator)            Turns: 2156, Time: 00:03:48

Health: -4/38      AC:  6    Str: 14    XL:     5   Next: 36%
Magic:  5/5        EV:  8    Int:  8    God:
Gold:   54         SH:  0    Dex: 17    Spells: 4/4 levels left

rFire   . . .      SeeInvis .   a - +0 long sword
rCold   . . .      Faith    .   (no shield)
rNeg    . . .      Spirit   .   g - +0 ring mail
rPois   .          Reflect  .   c - +0 helmet
rElec   .          Harm     .   (no cloak)
rCorr   .          Rampage  .   (no gloves)
Will    .....                   (no boots)
Stlth   +.........              (no amulet)
HPRegen 0.12/turn               (no ring)
MPRegen 0.09/turn               (no ring)

@: grasped by roots, slowed, constricted, very slow
A: no striking features
a: no special abilities


You were on level 2 of the Dungeon.
You visited 1 branch of the dungeon, and saw 2 of its levels.

You collected 54 gold pieces.

Inventory:

Hand Weapons
 a - a +0 long sword (weapon)
Missiles
 d - 3 throwing nets (quivered)
 e - a javelin
Armour
 b - a +0 leather armour
 c - a +0 helmet (worn)
 g - a +0 ring mail (worn)
Scrolls
 f - a scroll of teleportation {unknown}
 h - a scroll of brand weapon {unknown}
 i - a scroll of identify
 k - a scroll of poison {unknown}
 l - a scroll of enchant armour {unknown}
Potions
 j - 3 potions of curing {unknown}


   Skills:
 - Level 2.2 Fighting
 + Level 5.3 Long Blades
 - Level 2.2 Throwing
 - Level 3.1 Dodging


You had 4 spell levels left.
You didn't know any spells.
Your spell library contained the following spells:

 Spells                   Type           Power      Damage    Failure   Level
 Ensorcelled Hibernation  Hex/Ice        0%         N/A       80%         2
 Ozocubu's Armour         Ice            0%         N/A       95%         3
 Spider Form              Tmut/Pois      0%         N/A       95%         3
 Anguish                  Hex/Necr       0%         N/A       100%        4
 Metabolic Englaciation   Hex/Ice        0%         N/A       100%        5
 Simulacrum               Ice/Necr       0%         N/A       100%        6


Dungeon Overview and Level Annotations

Branches:
Dungeon (2/15)

Altars:

Annotations:
D:2 Natasha


Message History

You closely miss Natasha. Natasha claws you.
You barely miss Natasha. Natasha casts a spell at you.
You feel yourself slow down.
You slash Natasha!
Natasha is heavily wounded.
Natasha barely misses you. Natasha claws you!
You barely miss Natasha.
Natasha is heavily wounded.
Natasha barely misses you.
You miss Natasha.
Natasha is heavily wounded.
Natasha zaps a wand.
The roots erupt in riotous growth!
The grasping roots grab you!
Natasha is unaffected.
The grasping roots constrict you. Natasha claws you!
The grasping roots constrict you.
You are too injured to fight recklessly!
You are too injured to fight recklessly!
You are too injured to fight recklessly!
You are too injured to fight recklessly!
You barely miss Natasha.
Natasha is heavily wounded.
Natasha barely misses you. The grasping roots constrict you.
Natasha mumbles some strange words.
Natasha glows brightly for a moment.
Natasha barely misses you. The grasping roots constrict you.
* * * LOW HITPOINT WARNING * * *
The grasping roots release their grip on you.
You completely miss Natasha.
Natasha is heavily wounded.
Natasha claws you.
* * * LOW HITPOINT WARNING * * *
Natasha claws you!
* * * LOW HITPOINT WARNING * * *
You slash Natasha!
Natasha is almost dead.
Natasha zaps a wand.
The roots erupt in riotous growth!
The grasping roots grab you!
Natasha is unaffected.
The grasping roots constrict you.
You die...

#.....######>########
#.##### #.........
#.# ########## #.#
#.# #.# #†#
#.###################
#...@................
#...h##.##.######.###
#.##.##.##.##.....# #
#.#........##.###.###
#<#..##.#..##.# #....
#.#..##.#..##.# ###.#
#.#..#........#####.#
#.#..#..............#
#.#..#.##..##.#######


You could see Natasha.

Vanquished Creatures
  Natasha (twice) (D:2)
  2 adders (D:2)
  A worm (D:2)
  2 dart slugs
  A bat skeleton (D:2)
  3 endoplasms
  A giant cockroach (D:1)
  2 goblins
  2 hobgoblins (D:1)
  12 jackals
  2 quokkas (D:2)
  5 ball pythons
  5 bats
  3 frilled lizards (D:2)
  A giant cockroach zombie (D:2)
  A jackal skeleton (D:2)
  6 kobolds
  3 quokka zombies (D:2)
  3 rats
57 creatures vanquished.

Vanquished Creatures (others)
  14 withered plants (D:2)
14 creatures vanquished.

Grand Total: 71 creatures vanquished

Notes
Turn   | Place    | Note
-------+----------+-------------------------------------------
     0 | D:1      | nachturnus the Human Gladiator began the quest for the Orb.
     0 | D:1      | Reached XP level 1. HP: 16/16 MP: 1/1
    97 | D:1      | Reached XP level 2. HP: 15/22 MP: 2/2
   502 | D:1      | Reached XP level 3. HP: 24/27 MP: 3/3
   712 | D:1      | Found a faded altar of an unknown god.
  1282 | D:2      | Reached skill level 4 in Long Blades
  1469 | D:2      | Noticed Natasha
  1484 | D:2      | Killed Natasha
  1485 | D:2      | Reached XP level 4. HP: 25/33 MP: 4/4
  1911 | D:2      | Reached skill level 5 in Long Blades
  1962 | D:2      | Reached XP level 5. HP: 38/38 MP: 5/5
  2047 | D:2      | Noticed Natasha
  2050 | D:2      | Killed Natasha
  2128 | D:2      | Noticed Natasha
  2155 | D:2      | HP: 1/38 [Natasha (7)]
  2156 | D:2      | Constricted to death by Natasha

Illustrated notes

Levels and vault maps discovered:
D:1:      dpeg_arrival_round_a, layout_basic, hellmonk_ecumenical_altar_lost_god
D:2:      layout_loops_ring, dilly_guarded_unrand_morg

Skill      XL: |  1  2  3  4 |
---------------+-------------+-----
Long Blades    | 4 5 |  5.3
Fighting       | |  2.2
Throwing       | |  2.2
Dodging        | |  3.1

Action                   |  1- 3 |  4- 6 || total
-------------------------+-------+-------++-------
Melee: Long sword        |    95 |    85 ||   180
       Punch             |     1 |       ||     1
  Use: Scroll            |     1 |       ||     1
 Stab: Sleeping          |     1 |       ||     1
Armor: Leather armour    |    32 |       ||    32
       Ring mail         |     8 |    34 ||    42
Dodge: Dodged            |    77 |    47 ||   124
